 Dungeon Crawl Stone Soup version 0.31.0-9-g3a7656b989 (webtiles) character file.

Game seed: 11107255795719427255

125 qw the Skirmisher (level 4, 0/25 HPs)
             Began as a Deep Elf Hunter on Feb 2, 2024.
             Slain by Duvessa
             ... wielding a +0 short sword
              (9 damage)
             ... on level 4 of the Dungeon.
             The game lasted 00:00:07 (2198 turns).

qw the Skirmisher (Deep Elf Hunter)                 Turns: 2198, Time: 00:00:08

Health: 0/25       AC:  9    Str: 10    XL:     4   Next: 82%
Magic:  6/6        EV: 11    Int: 14    God:
Gold:   82         SH:  0    Dex: 18    Spells: 3/3 levels left

rFire   + . .        a - +0 shortbow
rCold   . . .        (shield currently unavailable)
rNeg    . . .        b - +1 ring mail {rF+}
rPois   .            j - +2 helmet {SInv}
rElec   .            (no cloak)
rCorr   .            (no gloves)
SInv    +            (no boots)
Will    .....        (no amulet)
Stlth   +            (no ring)
HPRegen 0.24/turn    (no ring)
MPRegen 0.10/turn

%: no passive effects
@: no status effects
A: no striking features
a: no special abilities


You were on level 4 of the Dungeon.
You visited 1 branch of the dungeon, and saw 4 of its levels.

You collected 82 gold pieces.


   Skills:
 - Level 1.5 Fighting
 + Level 8.2 Ranged Weapons
 - Level 2.4 Dodging
 - Level 1.2 Stealth


You had 3 spell levels left.
You didn't know any spells.
Your spell library was empty.

Inventory:

Hand Weapons
 a - a +0 shortbow (weapon)
Armour
 b - a +1 ring mail of fire resistance (worn)
 j - a +2 helmet of see invisible (worn)
Scrolls
 f - a scroll of teleportation
Potions
 d - a potion of enlightenment
 e - a potion of attraction {unknown}
 g - a potion of curing
 i - a potion of resistance

Dungeon Overview and Level Annotations

Branches:
Dungeon (4/15)
 Temple: D:4-7

Altars:
Elyvilon
Kikubaaqudgha

Shops:
D:1 (

Annotations:
D:4 Dowan, Duvessa


Message History

You are no longer poisoned.
The adder closely misses you. The adder bites you but does no damage.
You shoot an arrow. The arrow hits the adder.
The adder is heavily wounded.
The adder bites you but does no damage.
You shoot an arrow. The arrow hits the adder!
You kill the adder!
You start resting.
HP restored.
You climb downwards.
Level annotation: Dowan, Duvessa Duvessa hits you with a +0 short sword.
Duvessa barely misses you.
There is a stone staircase leading up here.
You shoot an arrow. The arrow hits Duvessa!
Duvessa is moderately wounded.
Duvessa hits you with a +0 short sword.
You shoot an arrow. The arrow barely misses Duvessa.
Duvessa hits you with a +0 short sword!
You shoot an arrow. The arrow hits Duvessa.
Duvessa is moderately wounded.
Duvessa hits you with a +0 short sword.
You shoot an arrow.
The arrow hits Duvessa but does no damage.
Duvessa is moderately wounded.
Duvessa hits you but does no damage.
You shoot an arrow. The arrow hits Duvessa!
Duvessa is heavily wounded.
Duvessa hits you but does no damage.
You shoot an arrow. The arrow hits Duvessa.
Duvessa is heavily wounded.
Duvessa barely misses you.
You shoot an arrow.
The arrow hits Duvessa but does no damage.
Duvessa is heavily wounded.
Duvessa hits you but does no damage.
You shoot an arrow.
The arrow hits Duvessa but does no damage.
Duvessa is heavily wounded.
Duvessa hits you with a +0 short sword!
You die...

#..##
#...
....
#..
#..
#.#
#e#
#@#
#.#
#..
.###
#


You could see Duvessa.

Vanquished Creatures
  3 gnolls (D:3)
  3 adders
  2 dart slugs
  2 ribbon worms
  6 ball pythons
  3 endoplasms
  2 giant cockroaches (D:1)
  4 goblins
  6 hobgoblins
  5 jackals
  8 kobolds
  3 quokkas (D:1)
  4 bats
  2 frilled lizards (D:1)
  3 rats
56 creatures vanquished.

Notes
Turn   | Place    | Note
-------+----------+-------------------------------------------
     0 | D:1      | qw the Deep Elf Hunter began the quest for the Orb.
     0 | D:1      | Reached XP level 1. HP: 12/12 MP: 3/3
     0 | D:1      | 0 ||| qw: Version: 0.3-a-155-g5e7d8dd
     0 | D:1      | 0 ||| qw: Game counter: 40
     0 | D:1      | 0 ||| qw: Melee chars always use a shield: true
     0 | D:1      | 0 ||| qw: God list: Okawaru
     0 | D:1      | 0 ||| qw: Allow faded altars: false
     0 | D:1      | 0 ||| qw: Do Orc after clearing Dungeon:15 true
     0 | D:1      | 0 ||| qw: Do second Lair branch before Depths: true
     0 | D:1      | 0 ||| qw: Lair rune preference: random
     0 | D:1      | 0 ||| qw: Goals: Normal
     0 | D:1      | 0 ||| PLANNING D:1-11
   143 | D:1      | Reached skill level 6 in Ranged Weapons
   143 | D:1      | Reached XP level 2. HP: 13/16 MP: 4/4
   186 | D:1      | Found Eneow's Antique Weapon Shop.
   257 | D:1      | Reached XP level 3. HP: 20/20 MP: 5/5
   471 | D:1      | Found a faded altar of an unknown god.
   648 | D:1      | 648 ||| READING scroll labelled ACASUXTACWO.
   749 | D:1      | 749 ||| READING scroll labelled OHEOSU OROS.
   750 | D:1      | 750 ||| DRINKING 2 black potions.
   751 | D:1      | 751 ||| DROPPING scroll of butterflies.
   855 | D:2      | Reached skill level 7 in Ranged Weapons
  1229 | D:2      | HP: 4/20 [hobgoblin (3)]
  1235 | D:2      | Reached XP level 4. HP: 6/25 MP: 6/6
  1319 | D:2      | Found a white marble altar of Elyvilon.
  1470 | D:2      | 1470 ||| UPGRADING to +1 ring mail of fire resistance.
  1480 | D:2      | 1480 ||| DROPPING +0 leather armour.
  1481 | D:2      | 1481 ||| UPGRADING to +2 helmet of see invisible.
  1486 | D:2      | 1486 ||| READING scroll labelled JYCIOS UHUD.
  1487 | D:2      | 1487 ||| READING scroll labelled IBBYTE BIZAC.
  1488 | D:2      | 1488 ||| DRINKING 2 coppery potions.
  1489 | D:2      | 1489 ||| DRINKING 2 grey potions.
  1490 | D:2      | 1490 ||| DROPPING potion of magic.
  1581 | D:3      | Found an ancient bone altar of Kikubaaqudgha.
  1958 | D:3      | Reached skill level 8 in Ranged Weapons
  2074 | D:3      | 2074 ||| READING scroll labelled ADGHYEL SOMO.
  2074 | D:3      | 2074 ||| IDENTIFYING fizzy yellow potion
  2075 | D:3      | 2075 ||| READING 2 scrolls labelled YSHULO QYWNUL.
  2091 | D:4      | Noticed Dowan
  2094 | D:4      | Noticed Duvessa
  2098 | D:4      | 2098 ||| STAIRDANCE
  2102 | D:4      | 2102 ||| STAIRDANCE
  2143 | D:4      | 2143 ||| STAIRDANCE
  2155 | D:4      | 2155 ||| STAIRDANCE
  2198 | D:4      | Slain by Duvessa

Levels and vault maps discovered:
D:1:      nzn_arrival_settlement, layout_rooms, serial_shops, shop,
          shapermc_ecumenical_altar_pompeii, patterned_corridor
D:2:      layout_basic, basic_altar
D:3:      layout_rooms, mainiacjoe_overflow_paths
D:4:      layout_layer_cave, amcnicky_altar_gilded, minmay_hedge_maze,
          uniq_duvessa

Skill      XL: |  1  2  3  4 |
---------------+-------------+-----
Ranged Weapons | 6 7 8 |  8.2
Fighting       | |  1.5
Dodging        | |  2.4
Stealth        | |  1.2

Action                     |  1- 3 |  4- 6 || total
---------------------------+-------+-------++-------
   Fire: Shortbow          |   142 |    60 ||   202
    Use: Scroll            |     2 |     4 ||     6
         Potion            |     1 |     2 ||     3
 Armour: Leather armour    |    38 |       ||    38
         Ring mail         |       |    22 ||    22
  Dodge: Dodged            |    46 |    14 ||    60

Table legend:
 A = Non-vault XP
 B = Vault XP
 C = Vault XP percentage of total XP
 D = Non-vault monster count
 E = Vault monster count
 F = Vault count percentage of total count
                 A         B        C        D         E       F
            +---------+---------+-------+---------+---------+-------
      Total |     179 |       0 |   0.0 |      56 |       0 |   0.0
            +---------+---------+-------+---------+---------+-------
        D:1 |      55 |       0 |   0.0 |      31 |       0 |   0.0
        D:2 |      43 |       0 |   0.0 |      10 |       0 |   0.0
        D:3 |      81 |       0 |   0.0 |      15 |       0 |   0.0
            +---------+---------+-------+---------+---------+-------
